 Dungeon Crawl Stone Soup version 0.26.1-11-gd32895ea62 (webtiles) character file.

Game seed: 1100575236118713684

64 dtburroughs the Chopper (level 3, -1/33 HPs)
             Began as a Minotaur Berserker on June 13, 2021.
             Was a Believer of Trog.
             Slain by an adder (2 damage)
             ... on level 2 of the Dungeon.
             The game lasted 00:02:00 (1406 turns).

dtburroughs the Chopper (Minotaur Berserker)        Turns: 1406, Time: 00:02:00

Health: -1/33      AC:  2    Str: 21    XL:     3   Next: 91%
Magic:  2/2        EV: 12    Int:  5    God:    Trog [**....]
Gold:   66         SH:  0    Dex:  9    Spells: 2/2 levels left

rFire    . . .     SeeInvis .   a - +0 hand axe
rCold    . . .     Faith    .   (no shield)
rNeg     . . .     Spirit   .   b - +0 animal skin
rPois    .         Reflect  .   (helmet restricted)
rElec    .         Harm     .   (no cloak)
rCorr    .         Rampage  .   (no gloves)
Will     ++...                  (no boots)
Stlth    +.........             (no amulet)
HPRegen  1.11/turn              (no ring)
MPRegen  0.08/turn              (no ring)

@: brilliant, lethally poisoned (-1 -> -2), regenerating
A: retaliatory headbutt, horns 2
a: Renounce Religion, Berserk, Trog's Hand


You were on level 2 of the Dungeon.
You worshipped Trog.
Trog was pleased with you.
You visited 1 branch of the dungeon, and saw 2 of its levels.

You collected 66 gold pieces.

Inventory:

Hand Weapons
 a - a +0 hand axe (weapon)
Armour
 b - a +0 animal skin (worn)
 d - a cursed +0 leather armour
 f - a +0 ring mail
 g - a +0 pair of boots
 h - a +0 ring mail
Scrolls
 c - a scroll of identify {unknown}
 e - 3 scrolls of teleportation {unknown}
 i - 2 scrolls of fear {unknown}


   Skills:
 + Level 4.2 Fighting
 + Level 4.3 Axes
 + Level 3.3 Armour
 + Level 3.0 Dodging


You had 2 spell levels left.
You didn't know any spells.
Your spell library was empty.

Dungeon Overview and Level Annotations

Branches:
Dungeon (2/15)

Altars:
Nemelex Xobeh
Okawaru
Wu Jian


Innate Abilities, Weirdness & Mutations

You reflexively headbutt those who attack you in melee.
You have a pair of horns on your head.


Message History

* * * LOW HITPOINT WARNING * * *
You are more poisoned.
The adder poisons you! The adder barely misses you.
You barely miss the adder. Your headbutt misses the adder.
The adder is moderately wounded.
You feel sick. The adder bites you.
* * * LOW HITPOINT WARNING * * *
It was a potion of brilliance.
You feel clever all of a sudden.
You feel sick. The adder bites you.
* * * LOW HITPOINT WARNING * * *
The adder barely misses you.
Your skin crawls.
You feel strong-willed.
* * * LOW HITPOINT WARNING * * *
You feel sick. The adder closely misses you.
You miss the adder. Your headbutt misses the adder.
The adder is moderately wounded.
You feel sick. The adder bites you.
You die...

.............#
#...........##
#####...###..# # #
##...###.### ##.#.
###.###.##. #..#.
#..##..#.
##....###########.##....
......†............#.#..
......S@..########......
....#.#)#...# #####.....
##....#.....###.......#.
...>.........##.###.....
................###....#
###..........#####.....#
.#........###8###....##
.........##8...8##.....
.........##.......##.†#.


You could see an adder.

Vanquished Creatures
  2 adders (D:2)
  An ooze (D:1)
  2 dart slugs (D:1)
  A leopard gecko (D:1)
  5 bats
  A giant cockroach (D:1)
  A goblin (D:2)
  9 hobgoblins
  2 jackals (D:2)
  4 kobolds
  A frilled lizard (D:1)
  9 rats
38 creatures vanquished.

Notes
Turn   | Place    | Note
-------+----------+-------------------------------------------
     0 | D:1      | dtburroughs the Minotaur Berserker began the quest for the
                  | Orb.
     0 | D:1      | Reached XP level 1. HP: 19/19 MP: 0/0
   361 | D:1      | Reached XP level 2. HP: 27/27 MP: 1/1
   555 | D:1      | Found a sparkling altar of Nemelex Xobeh.
   943 | D:1      | Reached XP level 3. HP: 33/33 MP: 2/2
  1194 | D:2      | Found an iron altar of Okawaru.
  1212 | D:2      | Reached ** piety under Trog
  1354 | D:2      | Found an ornate altar of the Wu Jian Council.
  1404 | D:2      | HP: 1/33 [adder (2)]
  1406 | D:2      | Slain by an adder

Illustrated notes

Levels and vault maps discovered:
D:1:      dpeg_arrival_line_fractal, layout_loops_ring,
          nemelex_xobeh_ov_fountains_minmay
D:2:      layout_rooms, nzn_wu_jian_council_hall, kennysheep_small_spiral,
          lemuel_tele_altar

Skill      XL: |  1  2  3 |
---------------+----------+-----
Fighting       | 4 |  4.2
Axes           | 4 |  4.3
Armour         | 3 |  3.3
Dodging        | 3 |  3.0

Action                   || total
-------------------------++-------
Melee: Hand axe          ||    78
       Headbutt          ||    14
Invok: Trog's Hand       ||     2
  Use: Potion            ||     1
Armor: Animal skin       ||    21
Dodge: Dodged            ||    63
